 Dungeon Crawl Stone Soup version 0.20.0-8-g6b59dc7 (webtiles) character file.

179 4thArraOfDagon the Skirmisher (level 5, 29/48 HPs)
             Began as a Minotaur Hunter on May 31, 2017.
             Quit the game on level 7 of the Dungeon.
             The game lasted 00:03:09 (503 turns).

4thArraOfDagon the Skirmisher (Minotaur Hunter)      Turns: 503, Time: 00:03:10

Health: 29/48      AC:  5    Str: 16    XL:     5   Next: 32%
Magic:  4/4        EV: 11    Int:  9    God:
Gold:   37         SH:  0    Dex: 11    Spells: 4/4 levels left

rFire    . . .     SeeInvis .   a - +1 hand crossbow
rCold    . . .     Gourm    .   (no shield)
rNeg     . . .     Faith    .   g - +0 ring mail
rPois    .         Spirit   .   (helmet restricted)
rElec    .         Reflect  .   (no cloak)
rCorr    .         Harm     .   (no gloves)
MR       .....                  (no boots)
Stlth    +.........             (no amulet)
Regen    0.2/turn               (no ring)
MPRegen  0.1/turn               (no ring)

@: drained
A: retaliatory headbutt, horns 2
a: no special abilities


You were on level 7 of the Dungeon.
You were not hungry.

You visited 1 branch of the dungeon, and saw 7 of its levels.

You collected 37 gold pieces.

Inventory:

Hand Weapons
 a - a +1 hand crossbow (weapon)
 b - a +0 short sword
 h - a +0 hand axe
Missiles
 d - 21 bolts (quivered)
 j - 7 curare-tipped needles
Armour
 c - a +0 leather armour
 g - a +0 ring mail (worn)
 i - a +0 ring mail
Scrolls
 m - a scroll of identify
Potions
 l - a potion of magic
Comestibles
 f - 3 bread rations


   Skills:
 + Level 5.0(4.7) Fighting
 * Level 3.8(3.6) Axes
 - Level 4.3(4.1) Crossbows
 + Level 1.6(1.4) Armour
 - Level 2.1(1.9) Dodging
 - Level 0.7(0.5) Stealth


You had 4 spell levels left.
You didn't know any spells.

Dungeon Overview and Level Annotations

Branches:
Dungeon (7/15)
 Temple: D:4-7

Altars:

Annotations:
D:4 4thArraOfDagon's ghost, weakling TeWr
D:7 Edmund


Innate Abilities, Weirdness & Mutations

You reflexively headbutt those who attack you in melee.
You have a pair of horns on your head.


Message History

Unknown command.
You feel very mighty all of a sudden. The orc wizard hits you with a dagger.
The orc wizard barely misses you. Edmund closely misses you.
Unknown command.
It was a potion of magic.
Magic courses through your body.
The orc wizard looks satisfied for a moment.
Edmund closely misses you.
Unknown command.
It was a potion of cancellation.
Your magical effects are unravelling.
You feel magically purged.
You feel a little less mighty now.
The orc wizard looks satisfied for a moment.
The orc wizard hits you with a dagger.
Unknown command.
Okay, then.
Unknown command.
Unknown command.
Are you sure you want to abandon this character and quit the game? (Confirm with "yes".)

#.....####
...>......
#...#.#### ##.#.##
#. #.### #.# #.# #.#
##'## #.# #...##
##.######## !....##
#...o.o@@.# ......##
#...#####.#
......o###......@..#
......oo......%##..#
.......###..#......#
......## ##..####.##
..##### #### ### #.
.


You could see Edmund, an orc wizard and an orc.

Vanquished Creatures
  A bullfrog (D:6)
  A centaur zombie (D:6)
  A hound (D:6)
  Terence (D:2)
  An adder (D:6)
  An ooze (D:3)
  An adder zombie (D:7)
  A worm (D:3)
  3 orcs (D:3)
  2 giant cockroaches
  2 bats
  2 kobolds
17 creatures vanquished.

Notes
Turn   | Place    | Note
-------+----------+-------------------------------------------
     0 | D:1      | 4thArraOfDagon the Minotaur Hunter began the quest for the Orb.
     0 | D:1      | Reached XP level 1. HP: 18/18 MP: 0/0
     0 | D:1      | 4thArraOfDagon: khufu?
     0 | D:1      | 4thArraOfDagon: he didnt kill me
    66 | D:2      | Noticed Terence
    68 | D:2      | Killed Terence
    68 | D:2      | Reached skill level 4 in Fighting
    68 | D:2      | Reached XP level 2. HP: 27/27 MP: 1/1
   103 | D:3      | Reached XP level 3. HP: 33/33 MP: 2/2
   113 | D:3      | Reached skill level 1 in Axes
   217 | D:4      | Noticed 4thArraOfDagon's ghost (weakling TeWr)
   225 | D:5      | Entered Level 5 of the Dungeon
   250 | D:6      | Reached XP level 4. HP: 30/41 MP: 3/3
   265 | D:6      | Noticed a bullfrog
   275 | D:6      | Killed a bullfrog
   275 | D:6      | Reached skill level 1 in Armour
   279 | D:6      | Reached XP level 5. HP: 34/47 MP: 4/4
   285 | D:6      | Reached skill level 5 in Fighting
   405 | D:7      | Noticed Edmund
   478 | D:7      | Noticed an orc warrior
   503 | D:7      | Quit the game

Skill      XL: |  1  2  3  4  5 |
---------------+----------------+-----
Fighting       | 4 5 |  5.0
Axes           | 2 3 |  3.8
Armour         | 1 |  1.6
Crossbows      | |  4.3
Dodging        | |  2.1
Stealth        | |  0.7

Action                   |  1- 3 |  4- 6 || total
-------------------------+-------+-------++-------
 Fire: Hand crossbow     |    30 |    17 ||    47
  Use: Potion            |       |     3 ||     3
       Scroll            |       |     2 ||     2
Armor: Ring mail         |     3 |     5 ||     8
Dodge: Dodged            |     5 |    21 ||    26
